[Event "Titled Tuesday Blitz January 31 Early 2023"]
[White "Oganian, Miran"]
[Black "Priasmoro, Novendra"]
[WhiteFideId "4122488"]
[BlackFideId "7105029"]
[WhiteElo "2439"]
[BlackElo "2504"]
[Result "0-1"]
[Round "03"]
[TimeControl "180+2"]
[Date "2023.01.31"]
[WhiteClock "0:00:01"]
[BlackClock "0:01:27"]

1. e4 c5 2. Nf3 Nc6 3. c3 d5 4. exd5 Qxd5 5. d4 Nf6 6. Be2 e6 7. O-O cxd4 8. Nxd4 Nxd4 9. cxd4 Be7 10. Nc3 Qd8 11. Bf3 O-O 12. Be3 a6 13. Qb3 Rb8 14. Rfd1 Bd6 15. d5 e5 16. Bg5 h6 17. Bh4 g5 18. Bg3 Bf5 19. Re1 Re8 20. Ne4 Nxe4 21. Bxe4 Bxe4 22. Rxe4 f5 23. Rc4 f4 24. h4 fxg3 25. fxg3 e4 26. Rf1 gxh4 27. Rf5 hxg3 28. Qd1 Qh4 29. Rh5 Qf4 30. Rc3 Rf8 31. Rc1 Rbc8 32. Rb1 e3 33. Kh1 Rc2 34. Qd3 Kg7 35. Rg1 Rc4 36. Rh3 Re4 37. Qe2 Rd4 38. b4 Rd2 39. Qh5 e2 40. Rh4 e1=Q 41. Rg4+ Kh8 42. Rxf4 Qxg1+ 43. Kxg1 Bxf4 0-1


[Site "https://www.chess.com"]

[Event "Titled Tuesday Blitz January 31 Early 2023"]
[White "Preotu, Razvan"]
[Black "Nguyen Hong Nhung"]
[WhiteFideId "2613280"]
[BlackFideId "12412201"]
[WhiteElo "2475"]
[BlackElo "2003"]
[Result "1-0"]
[Round "03"]
[TimeControl "180+2"]
[Date "2023.01.31"]
[WhiteClock "0:00:59"]
[BlackClock "0:00:01"]

1. e4 c5 2. Nf3 e6 3. c3 Nf6 4. e5 Nd5 5. d4 cxd4 6. cxd4 d6 7. Bc4 Be7 8. O-O O-O 9. Qe2 b6 10. Rd1 Nc6 11. Nc3 Nxc3 12. bxc3 dxe5 13. dxe5 Qc7 14. Bd3 Bb7 15. Re1 Rfd8 16. Bc2 Na5 17. Ng5 g6 18. Nxh7 Qc6 19. Qg4 Kxh7 20. Re3 Kg7 21. Rg3 Qc4 22. Bf4 Kf8 23. Bxg6 Ke8 24. Bxf7+ Kd7 25. Bxe6+ Qxe6 26. Rd3+ Kc7 27. Qxe6 Rxd3 28. Qxe7+ Kc6 29. Qf6+ Kb5 30. e6 Rad8 31. h4 1-0


[Site "https://www.chess.com"]

[Event "Titled Tuesday Blitz January 31 Early 2023"]
[White "Lortkipanidze, Nodar"]
[Black "Kochetov, Andrey"]
[WhiteFideId "13604058"]
[BlackFideId "24130532"]
[WhiteElo "2406"]
[BlackElo "2165"]
[Result "1-0"]
[Round "03"]
[TimeControl "180+2"]
[Date "2023.01.31"]
[WhiteClock "0:01:30"]
[BlackClock "0:00:05"]

1. e4 c5 2. c3 Nf6 3. e5 Nd5 4. d4 cxd4 5. Qxd4 e6 6. Nf3 Nc6 7. Qe4 d6 8. c4 Nb6 9. exd6 Bxd6 10. Nc3 O-O 11. Bg5 Be7 12. Rd1 Qe8 13. h4 a6 14. Bd3 f5 15. Qe3 Bxg5 16. hxg5 Nd7 17. Bc2 b6 18. Rd6 Nc5 19. a3 a5 20. g6 h6 21. Nb5 Bb7 22. Nc7 Qe7 23. Nxa8 Qxd6 24. Nxb6 e5 25. Nd5 e4 26. Nd2 Ne5 27. O-O Nxc4 28. Nxc4 Qxd5 29. Nxa5 Ba6 30. Rd1 Nd3 31. Bb3 1-0


[Site "https://www.chess.com"]

[Event "Titled Tuesday Blitz January 31 Early 2023"]
[White "Shohat, Yotam"]
[Black "Nigmatov, Ortik"]
[WhiteFideId "2813955"]
[BlackFideId "14202131"]
[WhiteElo "2346"]
[BlackElo "2438"]
[Result "0-1"]
[Round "03"]
[TimeControl "180+2"]
[Date "2023.01.31"]
[WhiteClock "0:00:02"]
[BlackClock "0:00:21"]

1. e4 c5 2. Nf3 d6 3. d4 cxd4 4. Nxd4 Nf6 5. Nc3 e6 6. g4 e5 7. Nf5 h5 8. Bg5 hxg4 9. Bxf6 Qxf6 10. Nd5 Qd8 11. Bc4 Nc6 12. c3 Be6 13. Qb3 Rb8 14. O-O-O g6 15. Nfe3 Bh6 16. Kb1 O-O 17. Qc2 b5 18. Be2 b4 19. Bxg4 bxc3 20. Qxc3 Bxe3 21. Nxe3 Bxg4 22. Nxg4 Rb6 23. h4 Nd4 24. Rxd4 exd4 25. Qxd4 d5 26. e5 Qc8 27. Nf6+ Kg7 28. h5 Qf5+ 29. Ka1 Re6 30. hxg6 Qxe5 31. Rh7+ Kxf6 32. Qh4+ Qg5 33. Qd4+ Re5 34. f4 Qf5 35. fxe5+ Ke6 36. Rxf7 Rxf7 37. gxf7 Qf1+ 0-1


[Site "https://www.chess.com"]

[Event "Titled Tuesday Blitz January 31 Early 2023"]
[White "Ronka, Erik"]
[Black "Klekowski, Maciej"]
[WhiteFideId "505080"]
[BlackFideId "1132717"]
[WhiteElo "2276"]
[BlackElo "2477"]
[Result "0-1"]
[Round "03"]
[TimeControl "180+2"]
[Date "2023.01.31"]
[WhiteClock "0:00:02"]
[BlackClock "0:00:05"]

1. e4 c5 2. Nf3 a6 3. c3 Nf6 4. e5 Nd5 5. d4 cxd4 6. Bc4 Nb6 7. Bb3 d5 8. exd6 e6 9. cxd4 Bxd6 10. O-O N8d7 11. Nc3 O-O 12. Qe2 Nf6 13. Bg5 Be7 14. Rad1 Bd7 15. Ne5 Rc8 16. Bc2 Nbd5 17. Qd3 Nb4 18. Qe2 Nxc2 19. Qxc2 h6 20. Bh4 Bc6 21. Nxc6 Rxc6 22. Qb3 Rb6 23. Qc2 Nd5 24. Nxd5 exd5 25. Bxe7 Qxe7 26. Rfe1 Qd7 27. h3 Rc8 28. Qe2 Qb5 29. Qxb5 Rxb5 30. Rd2 Rc7 31. Re8+ Kh7 32. Kf1 Kg6 33. Ke2 f6 34. Kf3 Kf7 35. Re3 Rb6 36. Rde2 Rb4 37. Rd2 Rbc4 38. Rb3 b5 39. Ra3 R7c6 40. Ke3 Re6+ 41. Kf3 g5 42. g4 Rec6 43. Kg3 Rc1 44. h4 Rg1+ 45. Kf3 gxh4 46. Kf4 Re6 47. Rh3 Re4+ 48. Kf3 Rgxg4 49. Rc2 Rxd4 50. Rc6 Rdf4+ 51. Ke2 Ra4 52. a3 Rgc4 53. Rd6 Rc2+ 54. Kd1 Rxb2 55. Rxd5 Rg4 56. Rc3 Rg1# 0-1


[Site "https://www.chess.com"]

[Event "Titled Tuesday Blitz January 31 Early 2023"]
[White "Aradhya, Garg"]
[Black "Ramirez Allo, Eduardo"]
[WhiteFideId "25006746"]
[BlackFideId "2224178"]
[WhiteElo "2284"]
[BlackElo "2274"]
[Result "1-0"]
[Round "03"]
[TimeControl "180+2"]
[Date "2023.01.31"]
[WhiteClock "0:01:46"]
[BlackClock "0:00:12"]

1. d4 Nf6 2. c4 c5 3. d5 b5 4. cxb5 a6 5. e3 d6 6. Nc3 g6 7. Nf3 Bg7 8. a4 O-O 9. Bd2 Nbd7 10. bxa6 Ne8 11. Bb5 Bxa6 12. O-O Nc7 13. e4 Bxb5 14. axb5 Rb8 15. Qe2 Rb7 16. Ra5 Ne5 17. Nxe5 Bxe5 18. Rfa1 Qd7 19. h4 h5 20. Ra7 Rfb8 21. Rxb7 Rxb7 22. Ra5 f6 23. g3 Bxc3 24. Bxc3 Nxb5 25. Kg2 Nxc3 26. bxc3 Rb3 27. Qa2 Rxc3 28. Ra7 Rc2 29. Qa5 Qg4 30. Qd8+ Kh7 31. Qxe7+ Kh6 32. Qh7# 1-0


[Site "https://www.chess.com"]

[Event "Titled Tuesday Blitz January 31 Early 2023"]
[White "Nazari, Arad"]
[Black "Turzo, Attila"]
[WhiteFideId "12577324"]
[BlackFideId "704954"]
[WhiteElo "2367"]
[BlackElo "2279"]
[Result "1-0"]
[Round "03"]
[TimeControl "180+2"]
[Date "2023.01.31"]
[WhiteClock "0:00:21"]
[BlackClock "0:00:20"]

1. e4 c5 2. Nf3 d6 3. Bb5+ Nd7 4. d4 Nf6 5. e5 Nd5 6. c4 Nc7 7. exd6 Nxb5 8. cxb5 exd6 9. O-O Be7 10. Nc3 Nf6 11. Re1 O-O 12. h3 Be6 13. Bg5 h6 14. Bh4 Rc8 15. Qa4 b6 16. Rad1 Qc7 17. dxc5 dxc5 18. Ne5 Rfe8 19. Nc6 a5 20. Ne4 Nxe4 21. Nxe7+ Rxe7 22. Bxe7 Qxe7 23. Qxe4 Qf6 24. Qe5 Bxa2 25. Qxf6 gxf6 26. Rd6 Rb8 27. Rxf6 Kg7 28. Rd6 Be6 29. f4 h5 30. Re5 Kf6 31. Rxh5 Ke7 32. Rc6 Bd7 33. Rc7 Kd6 34. Ra7 Bxb5 35. Rh6+ Kd5 36. Rxf7 Bd3 37. Rd7+ Kc4 38. g4 b5 39. Rhd6 Be4 40. f5 a4 41. f6 Kb3 42. f7 Rf8 43. Re6 Bc2 44. Re8 Rxf7 45. Rxf7 Kxb2 46. Re5 Bd3 47. Rxc5 a3 48. Rf2+ Kb1 49. Rc3 Bc4 50. Rxa3 1-0


[Site "https://www.chess.com"]

[Event "Titled Tuesday Blitz January 31 Early 2023"]
[White "Sattarov, Bobir"]
[Black "Toczek, Grzegorz"]
[WhiteFideId "14203081"]
[BlackFideId "1106457"]
[WhiteElo "2366"]
[BlackElo "2260"]
[Result "1-0"]
[Round "03"]
[TimeControl "180+2"]
[Date "2023.01.31"]
[WhiteClock "0:00:05"]
[BlackClock "0:00:35"]

1. e4 c6 2. c4 e5 3. Nf3 d6 4. d4 Nd7 5. Nc3 Ngf6 6. Be2 Be7 7. O-O O-O 8. Re1 exd4 9. Nxd4 Re8 10. Bf1 Nc5 11. Qc2 a5 12. Be3 Ne6 13. Rad1 Nxd4 14. Bxd4 Qc7 15. e5 dxe5 16. Bxe5 Qb6 17. Bxf6 gxf6 18. Re3 Be6 19. Rde1 Kh8 20. Bd3 h6 21. Bg6 Bc5 22. Na4 Qa7 23. Nxc5 Qxc5 24. Bf5 Rad8 25. h3 Rd6 26. b3 b5 27. Qe4 Red8 28. Bxe6 Rxe6 29. Qh4 Qg5 30. Qxg5 hxg5 31. Rxe6 fxe6 32. Rxe6 bxc4 33. bxc4 Rd2 34. Rxc6 Kg7 35. g4 Rxa2 36. Kg2 Rc2 37. Kf3 Rc3+ 38. Ke4 Rxh3 39. Ra6 Rh2 40. f3 Kg6 41. Rxa5 Re2+ 42. Kd3 Rf2 43. Ke3 Rc2 44. Rc5 Kf7 45. Ke4 Ke6 46. Rc6+ Ke7 47. Kf5 Rf2 48. Re6+ Kd7 49. Rxf6 Rxf3+ 50. Kxg5 Rc3 51. Rf4 Ke6 52. Kg6 Ke7 53. g5 Rh3 54. Kg7 Ke8 55. g6 Rh2 56. Re4+ Kd7 57. Kg8 Rg2 58. g7 Rg1 59. Kh7 Rh1+ 60. Kg6 Rg1+ 61. Kh6 Kd8 62. Re5 Rh1+ 63. Rh5 Rg1 64. Rg5 Rxg5 65. Kxg5 1-0


[Site "https://www.chess.com"]

[Event "Titled Tuesday Blitz January 31 Early 2023"]
[White "Mekhane, Adam"]
[Black "Hasangatin, Ramil"]
[WhiteFideId "36050601"]
[BlackFideId "4122160"]
[WhiteElo "2280"]
[BlackElo "2457"]
[Result "0-1"]
[Round "03"]
[TimeControl "180+2"]
[Date "2023.01.31"]
[WhiteClock "0:00:03"]
[BlackClock "0:00:49"]

1. b3 e5 2. Bb2 Nc6 3. e3 Nf6 4. Nf3 Bd6 5. Bb5 Qe7 6. O-O e4 7. Nd4 Nxd4 8. Bxd4 c6 9. Be2 Bc7 10. f4 d5 11. c4 dxc4 12. Bxc4 O-O 13. Qc2 Re8 14. Nc3 Bf5 15. Rac1 Bb6 16. Bxb6 axb6 17. a4 h5 18. Ne2 Rad8 19. Nd4 Bc8 20. Rce1 Rd6 21. d3 exd3 22. Bxd3 Red8 23. Bf5 g6 24. Bxc8 Rxc8 25. Qc3 Nd5 26. Qd2 Re8 27. Qf2 Qe4 28. Qf3 Nxe3 29. Qxe4 Rxe4 30. Nc2 Rde6 31. Nxe3 Rxe3 32. Kf2 Rxb3 33. Rxe6 fxe6 34. Rd1 b5 35. a5 Ra3 36. Rd7 Rxa5 37. Rxb7 Ra3 38. Rc7 Rc3 39. Re7 b4 40. Rxe6 Kf7 41. Re4 c5 42. Ke2 b3 43. Kd2 Rc2+ 44. Kd3 c4+ 45. Kd4 b2 46. Re1 Rc1 0-1


[Site "https://www.chess.com"]

[Event "Titled Tuesday Blitz January 31 Early 2023"]
[White "Sammed Jaykumar, Shete"]
[Black "Bochnicka, Vladimir"]
[WhiteFideId "5073421"]
[BlackFideId "14943450"]
[WhiteElo "2440"]
[BlackElo "2327"]
[Result "0-1"]
[Round "03"]
[TimeControl "180+2"]
[Date "2023.01.31"]
[WhiteClock "0:00:19"]
[BlackClock "0:00:04"]

1. c4 c5 2. Nc3 Nc6 3. g3 g6 4. Bg2 Bg7 5. Nh3 e5 6. d3 d6 7. Ng5 h6 8. Nge4 f5 9. Nd2 Nf6 10. h4 O-O 11. Rb1 Rb8 12. a3 a5 13. Nf1 Kh7 14. Ne3 Qe8 15. Bd2 f4 16. Ned5 fxg3 17. fxg3 Ng4 18. Ne4 Qd8 19. b4 cxb4 20. axb4 axb4 21. Nxb4 Ra8 22. Nd5 Ra2 23. Rf1 Rxf1+ 24. Kxf1 Qf8+ 25. Kg1 Nd4 26. Qf1 Bf5 27. Rd1 Bxe4 28. Bxe4 Nb3 29. Bc3 Nc5 30. Qxf8 Bxf8 31. Bf3 h5 32. Rb1 Bh6 33. Bb4 b6 34. Bxc5 bxc5 35. Rb7+ Kg8 36. Ne7+ Kf8 37. Nxg6+ Ke8 38. Bc6+ Kd8 39. Ne7 Be3+ 40. Kg2 Rxe2+ 41. Kf1 Rf2+ 42. Ke1 Rf7 43. Rd7+ Ke8 44. Ra7+ Kf8 45. Ng6+ Kg7 46. Rxf7+ Kxf7 47. Be4 Kf6 48. Nf8 Bh6 49. Ke2 Bxf8 0-1


[Site "https://www.chess.com"]

[Event "Titled Tuesday Blitz January 31 Early 2023"]
[White "Csonka, Balazs"]
[Black "Khamdamova, Afruza"]
[WhiteFideId "742910"]
[BlackFideId "14210444"]
[WhiteElo "2496"]
[BlackElo "2162"]
[Result "1-0"]
[Round "03"]
[TimeControl "180+2"]
[Date "2023.01.31"]
[WhiteClock "0:00:59"]
[BlackClock "0:00:57"]

1. e4 e5 2. Nf3 Nf6 3. Nxe5 d6 4. Nf3 Nxe4 5. Nc3 Nxc3 6. dxc3 Be7 7. Be3 Nc6 8. Qd2 Be6 9. h4 h6 10. O-O-O Qd7 11. Kb1 a6 12. Nd4 Nxd4 13. Bxd4 Rg8 14. g3 O-O-O 15. Bg2 Kb8 16. Rhe1 g6 17. Qxh6 g5 18. hxg5 c5 19. Bf6 Bxf6 20. gxf6 Rg6 21. Qf4 Rg4 22. Qe3 Rg6 23. Qf4 Rg4 24. Qf3 Rg6 25. Rxd6 1-0


[Site "https://www.chess.com"]

[Event "Titled Tuesday Blitz January 31 Early 2023"]
[White "Yeritsyan, Hayk"]
[Black "UnknownMagician"]
[WhiteFideId "13307320"]
[WhiteElo "2241"]
[BlackElo "2681"]
[Result "1/2-1/2"]
[Round "03"]
[TimeControl "180+2"]
[Date "2023.01.31"]
[WhiteClock "0:00:14"]
[BlackClock "0:00:15"]

1. d4 d5 2. Nf3 c6 3. Bf4 Qb6 4. Qc1 Nf6 5. e3 Bf5 6. c4 e6 7. c5 Qa5+ 8. Nbd2 Nbd7 9. a3 Nh5 10. b4 Qd8 11. Bg5 f6 12. Bh4 g5 13. Bg3 Be7 14. Be2 O-O 15. O-O Qe8 16. Qc3 Nxg3 17. hxg3 Bg6 18. Bd3 e5 19. Bxg6 Qxg6 20. dxe5 fxe5 21. Nxe5 Qg7 22. f4 Bf6 23. Ndf3 Rae8 24. Rae1 Nxe5 25. Nxe5 Bxe5 26. fxe5 Rxf1+ 27. Rxf1 Qxe5 28. Qxe5 Rxe5 29. Kf2 Re4 30. Rd1 Rc4 31. Rd3 Kf7 32. Kf3 h5 33. Rd4 Rc3 34. a4 Ke6 35. g4 h4 36. Rd1 Ke5 37. Rd4 Rc4 38. Rxc4 dxc4 39. Ke2 Ke4 40. Kd2 c3+ 41. Kxc3 Kxe3 42. b5 Ke4 43. Kc4 Kf4 44. a5 a6 45. bxa6 bxa6 46. Kd4 Kg3 47. Ke5 Kxg2 48. Kd6 h3 49. Kxc6 h2 50. Kb6 h1=Q 51. c6 Kg3 52. c7 Qc1 53. Kb7 Qb2+ 54. Ka8 Qc3 55. Kb8 Qb4+ 56. Ka8 Qc5 57. Kb8 Qd6 58. Ka8 Qc6+ 59. Kb8 Kxg4 60. c8=Q+ Qxc8+ 61. Kxc8 Kf4 62. Kb7 g4 63. Kxa6 g3 64. Kb7 g2 65. a6 g1=Q 66. a7 Qb1+ 67. Ka8 Qe4+ 68. Kb8 Qb4+ 69. Ka8 Qf8+ 70. Kb7 Qe7+ 71. Kb8 Qe8+ 72. Kb7 Qd7+ 73. Kb8 1/2-1/2


[Site "https://www.chess.com"]

[Event "Titled Tuesday Blitz January 31 Early 2023"]
[White "Vlassov, Nikolai"]
[Black "Donskov, Anatoly"]
[WhiteFideId "4103360"]
[BlackFideId "24143413"]
[WhiteElo "2283"]
[BlackElo "2279"]
[Result "1-0"]
[Round "03"]
[TimeControl "180+2"]
[Date "2023.01.31"]
[WhiteClock "0:00:23"]
[BlackClock "0:00:01"]

1. e4 c5 2. c3 d5 3. exd5 Qxd5 4. d4 e6 5. a3 Nf6 6. Nf3 Be7 7. Be3 cxd4 8. cxd4 Nc6 9. Nc3 Qd6 10. Qc2 O-O 11. Bd3 h6 12. O-O b6 13. Qd2 Bb7 14. Bxh6 gxh6 15. Qxh6 Nxd4 16. Ng5 Nf3+ 17. gxf3 Qxd3 18. Rad1 Qf5 19. Rd4 Nh7 20. Nge4 Qxf3 21. Re1 Kh8 22. Re3 Rg8+ 23. Kf1 Ba6+ 24. Ke1 Qf5 25. Ng3 Qg6 26. Qxg6 Rxg6 27. Rd7 Bc5 28. Rf3 Rf6 29. Rxf7 Rxf7 30. Rxf7 Ng5 31. Rd7 Nf3+ 32. Kd1 Nxh2 33. Nce4 Ng4 34. Nh5 Rf8 35. Rxa7 Bd3 36. Ng5 Nxf2+ 37. Kd2 Bg6 38. Nxe6 Re8 39. Nxc5 bxc5 40. Nf4 1-0


[Site "https://www.chess.com"]

[Event "Titled Tuesday Blitz January 31 Early 2023"]
[White "Valle Maytin, Luis Enrique"]
[Black "Cunha, Lucas Aguiar"]
[WhiteFideId "3503666"]
[BlackFideId "2125404"]
[WhiteElo "2241"]
[BlackElo "2309"]
[Result "0-1"]
[Round "03"]
[TimeControl "180+2"]
[Date "2023.01.31"]
[WhiteClock "0:00:01"]
[BlackClock "0:00:25"]

1. e4 c5 2. Nf3 e6 3. d4 cxd4 4. Nxd4 Nc6 5. Nc3 Qc7 6. a3 a6 7. Be3 Nf6 8. f4 Nxd4 9. Qxd4 b5 10. Be2 Bb7 11. Bf3 Rc8 12. O-O-O Bc5 13. Qxc5 Qxc5 14. Bxc5 Rxc5 15. e5 Bxf3 16. gxf3 Nh5 17. Ne4 Rc7 18. Rd6 Nxf4 19. Rxa6 Ke7 20. c3 Nd3+ 21. Kc2 Nxe5 22. f4 Nc4 23. Re1 f5 24. Ng3 Kf6 25. Rg1 g6 26. Re1 Rb8 27. Re2 Nb6 28. Kd3 Nd5 29. Rf2 Rc4 30. Ne2 Re4 31. Rd6 Rb7 32. h4 Ra7 33. Rf3 Ke7 34. Rxd5 exd5 35. Nd4 Rb7 36. h5 Kf6 37. hxg6 hxg6 38. Ne2 Rb8 39. Rh3 Rbe8 40. Nd4 Rxf4 41. Nxb5 Rf2 42. b4 Re1 43. Nd4 Ra2 44. Nc2 Rd1+ 45. Ke2 Rc1 46. Kd3 Rcxc2 47. a4 Rd2+ 48. Ke3 Re2+ 49. Kd4 Rxa4 50. Kxd5 Rd2+ 51. Kc5 Ra3 52. b5 Rc2 53. Kb4 Ra1 54. Rd3 Rb1+ 55. Kc5 Ke7 56. c4 Rbc1 57. Re3+ Kd8 58. b6 Rxc4+ 59. Kb5 Rc6 60. Rb3 Kc8 61. Ka6 Kb8 0-1


[Site "https://www.chess.com"]

[Event "Titled Tuesday Blitz January 31 Early 2023"]
[White "Guliev, Logman"]
[Black "Dehtiarov, Roman"]
[WhiteFideId "13400061"]
[BlackFideId "14186640"]
[WhiteElo "2250"]
[BlackElo "2289"]
[Result "1-0"]
[Round "03"]
[TimeControl "180+2"]
[Date "2023.01.31"]
[WhiteClock "0:01:19"]
[BlackClock "0:00:33"]

1. e4 e5 2. Nf3 Nc6 3. Bb5 a6 4. Ba4 Nf6 5. O-O Be7 6. Re1 b5 7. Bb3 O-O 8. h3 d6 9. c3 Na5 10. Bc2 c5 11. d4 cxd4 12. cxd4 Nc6 13. a3 Bb7 14. Nc3 Rc8 15. Bg5 h6 16. Be3 exd4 17. Nxd4 Re8 18. Nf5 Bf8 19. Nd5 Nxd5 20. exd5 Ne5 21. Rc1 Qf6 22. Bb1 Rxc1 23. Qxc1 Bxd5 24. Bd4 Be6 25. Ng3 Nf3+ 26. gxf3 Qxd4 27. Qc2 g6 28. Qc6 Rc8 29. Qb7 Bxh3 30. Bf5 Bxf5 31. Nxf5 1-0


[Site "https://www.chess.com"]

[Event "Titled Tuesday Blitz January 31 Early 2023"]
[White "Vagman, Roy"]
[Black "Samant Aditya S"]
[WhiteFideId "2828995"]
[BlackFideId "35080580"]
[WhiteElo "2273"]
[BlackElo "2501"]
[Result "1-0"]
[Round "03"]
[TimeControl "180+2"]
[Date "2023.01.31"]
[WhiteClock "0:00:05"]
[BlackClock "0:00:03"]

1. Nf3 d5 2. g3 c6 3. Bg2 Bg4 4. O-O Nd7 5. c4 e6 6. Nc3 Ngf6 7. d4 dxc4 8. Nd2 Nb6 9. h3 Bh5 10. g4 Bg6 11. Nf3 Bd6 12. Bg5 h6 13. Bh4 h5 14. g5 Nfd5 15. Re1 Nxc3 16. bxc3 Nd5 17. Qd2 Nf4 18. Bf1 Bf5 19. e4 Nxh3+ 20. Bxh3 Bxh3 21. g6 Qd7 22. Ng5 e5 23. gxf7+ Kf8 24. f3 Be6 25. Rad1 Bxf7 26. Kg2 Qc7 27. dxe5 Bxe5 28. Rf1 Bf6 29. f4 Rd8 30. Qe3 Rxd1 31. Rxd1 Qc8 32. Qg3 Ke8 33. f5 b5 34. e5 Bd5+ 35. Kh2 Bxg5 36. Qxg5 Qd7 37. e6 Qc7+ 38. Bg3 Qe7 39. Qg6+ Kd8 40. Re1 Kc8 41. Rc1 Kb7 42. Re1 h4 43. Bf4 h3 44. Be5 Qh4 45. Qxg7+ Ka6 46. Qg3 Qh5 47. Bxh8 Qxf5 48. Bd4 Qc2+ 49. Bf2 Qf5 50. e7 Bf7 51. e8=Q Bxe8 52. Rxe8 Qc2 53. Re1 Qf5 54. Rf1 Qc2 55. Qxh3 Qxf2+ 56. Rxf2 1-0


[Site "https://www.chess.com"]

[Event "Titled Tuesday Blitz January 31 Early 2023"]
[White "Mirzoev, Azer"]
[Black "matenitian"]
[WhiteFideId "13400304"]
[WhiteElo "2416"]
[BlackElo "2434"]
[Result "1-0"]
[Round "03"]
[TimeControl "180+2"]
[Date "2023.01.31"]
[WhiteClock "0:01:26"]
[BlackClock "0:00:13"]

1. c4 e5 2. Nc3 Bb4 3. Nd5 Be7 4. Nf3 Nc6 5. e3 Nf6 6. Qc2 O-O 7. a3 d6 8. Ng5 g6 9. Nxe7+ Qxe7 10. d3 Bf5 11. Ne4 Nxe4 12. dxe4 Be6 13. Bd3 a5 14. b3 Nb8 15. O-O Nd7 16. f4 f6 17. Bb2 Nc5 18. Be2 Bd7 19. Bf3 b6 20. Rae1 Bc6 21. b4 axb4 22. axb4 Ne6 23. Bg4 Ra2 24. Qb3 Rfa8 25. c5 Bd7 26. cxb6 cxb6 27. f5 gxf5 28. exf5 Qg7 29. h3 h5 30. Bf3 1-0


[Site "https://www.chess.com"]

[Event "Titled Tuesday Blitz January 31 Early 2023"]
[White "Domingo Nunez, Ruben"]
[Black "Lotfizadeh, Mehdi"]
[WhiteFideId "22245570"]
[BlackFideId "42513618"]
[WhiteElo "2416"]
[BlackElo "1529"]
[Result "0-1"]
[Round "03"]
[TimeControl "180+2"]
[Date "2023.01.31"]
[WhiteClock "0:00:02"]
[BlackClock "0:00:14"]

1. c4 c5 2. Nc3 g6 3. g3 Bg7 4. Bg2 Nc6 5. Nf3 d6 6. O-O e6 7. e3 Nge7 8. d4 O-O 9. Re1 a6 10. b3 Rb8 11. Bb2 b5 12. dxc5 dxc5 13. Qe2 Qb6 14. Ne4 e5 15. Rac1 b4 16. Red1 h6 17. Ne1 Be6 18. Nd3 Bf5 19. Nexc5 Rbd8 20. Na4 Qc7 21. Ndc5 a5 22. Be4 Bc8 23. Bd5 h5 24. Ne4 Bg4 25. f3 Bc8 26. Rd2 Qa7 27. Rcd1 Nxd5 28. cxd5 Ne7 29. d6 Nf5 30. Nec5 Bd7 31. Kf2 Bxa4 32. Nxa4 Rd7 33. Rd3 Rfd8 34. g4 hxg4 35. fxg4 Nxd6 36. Kf1 Ne4 37. Rxd7 Rxd7 38. Rd3 Rc7 39. Qf3 Qa8 40. Qg2 Ra7 41. Nb6 Qb7 42. Nc4 Bf6 43. Qe2 Nc5 44. Rd6 Qh1+ 45. Kf2 Bh4# 0-1


[Site "https://www.chess.com"]

[Event "Titled Tuesday Blitz January 31 Early 2023"]
[White "Leiva, Gianmarco"]
[Black "Rodriguez, Santiago"]
[WhiteFideId "3804399"]
[BlackFideId "3000591"]
[WhiteElo "2392"]
[BlackElo "2252"]
[Result "1-0"]
[Round "03"]
[TimeControl "180+2"]
[Date "2023.01.31"]
[WhiteClock "0:00:33"]
[BlackClock "0:00:56"]

1. e4 c5 2. Nf3 Nc6 3. Bb5 g6 4. O-O Bg7 5. Re1 Nf6 6. e5 Nd5 7. Bxc6 dxc6 8. d3 O-O 9. Nbd2 b5 10. Ne4 c4 11. d4 Bg4 12. h3 Bxf3 13. Qxf3 Nb4 14. Qd1 f5 15. Nc5 Qc8 16. c3 Nd5 17. e6 f4 18. Qf3 Qc7 19. Bd2 a5 20. b3 Rf5 21. bxc4 bxc4 22. Rab1 Raf8 23. Rb7 Qd8 24. Nd7 Re8 25. Reb1 Nf6 26. Rb8 Qc7 27. Nxf6+ 1-0


[Site "https://www.chess.com"]

[Event "Titled Tuesday Blitz January 31 Early 2023"]
[White "Gatterer, Florian"]
[Black "Florescu, Codrut-Constantin"]
[WhiteFideId "811688"]
[BlackFideId "1202200"]
[WhiteElo "2170"]
[BlackElo "2259"]
[Result "1-0"]
[Round "03"]
[TimeControl "180+2"]
[Date "2023.01.31"]
[WhiteClock "0:00:50"]
[BlackClock "0:01:32"]

1. b3 d5 2. Nf3 Bf5 3. Bb2 e6 4. g3 Nf6 5. Bg2 Be7 6. O-O O-O 7. d3 h6 8. Nbd2 c5 9. e4 Bh7 10. Qe2 Nc6 11. a3 b5 12. Ne5 Nxe5 13. Bxe5 Rc8 14. Kh1 d4 15. Bxf6 Bxf6 16. f4 e5 17. fxe5 Bxe5 18. Nf3 Bc7 19. Bh3 Rb8 20. Nh4 Be5 21. Bf5 Qc7 22. Bxh7+ Kxh7 23. a4 a6 24. axb5 axb5 25. Ra6 Rb6 26. Rxb6 Qxb6 27. Qh5 Qe6 28. Nf3 Bd6 29. Ng5+ 1-0


[Site "https://www.chess.com"]

[Event "Titled Tuesday Blitz January 31 Early 2023"]
[White "Atakhan, Abtin"]
[Black "Fernandez Garcia, Gumersindo"]
[WhiteFideId "22502203"]
[BlackFideId "24516740"]
[WhiteElo "2422"]
[BlackElo "2160"]
[Result "1-0"]
[Round "03"]
[TimeControl "180+2"]
[Date "2023.01.31"]
[WhiteClock "0:01:08"]
[BlackClock "0:00:14"]

1. d4 Nf6 2. c4 e6 3. Nf3 d5 4. Nc3 Be7 5. Bf4 O-O 6. e3 c6 7. Rc1 Nbd7 8. cxd5 exd5 9. Bd3 h6 10. Qc2 Re8 11. h3 Nf8 12. O-O a5 13. a3 Bd6 14. Bxd6 Qxd6 15. Ne5 N6d7 16. Nf3 b5 17. Nb1 Bb7 18. Nbd2 Nb6 19. Nb3 Nc4 20. Nc5 Bc8 21. Rfe1 a4 22. Bxc4 dxc4 23. e4 Qf4 24. Qc3 Ng6 25. Re3 Ra7 26. Rce1 Rae7 27. Nd2 Nh4 28. g3 Qg5 29. f4 Qg6 30. Kh2 Qh5 31. gxh4 Qxh4 32. Rf1 g5 33. Rg3 Kh7 34. fxg5 hxg5 35. Nf3 Qf4 36. Nxg5+ 1-0


[Site "https://www.chess.com"]

[Event "Titled Tuesday Blitz January 31 Early 2023"]
[White "Han, Yichen"]
[Black "Gheorghiu, Calin"]
[WhiteFideId "1054430"]
[BlackFideId "1200305"]
[WhiteElo "2413"]
[BlackElo "2313"]
[Result "1-0"]
[Round "03"]
[TimeControl "180+2"]
[Date "2023.01.31"]
[WhiteClock "0:00:30"]
[BlackClock "0:00:26"]

1. Nf3 Nf6 2. c4 e6 3. Nc3 d5 4. d4 Bb4 5. e3 O-O 6. Bd3 c5 7. a3 Bxc3+ 8. bxc3 dxc4 9. Bxc4 Qc7 10. Be2 b6 11. O-O Bb7 12. a4 Nbd7 13. a5 e5 14. Bb2 e4 15. Nd2 Rfd8 16. c4 cxd4 17. Bxd4 Ne5 18. Qb1 Nfg4 19. g3 Nf3+ 20. Bxf3 exf3 21. axb6 Qd7 22. Qb5 Qe6 23. Rxa7 Bc6 24. Qg5 f6 25. Qxg7# 1-0


[Site "https://www.chess.com"]

[Event "Titled Tuesday Blitz January 31 Early 2023"]
[White "Urbina Perez, Juan Antonio"]
[Black "Piesik, Piotr"]
[WhiteFideId "2217368"]
[BlackFideId "1136194"]
[WhiteElo "2266"]
[BlackElo "2426"]
[Result "0-1"]
[Round "03"]
[TimeControl "180+2"]
[Date "2023.01.31"]
[WhiteClock "0:01:52"]
[BlackClock "0:02:06"]

1. d4 c5 2. d5 e5 3. c4 d6 4. Nc3 Be7 5. e4 Bg5 6. g3 Bxc1 7. Qxc1 Ne7 8. Qd2 O-O 9. O-O-O a6 10. f4 exf4 11. gxf4 Nd7 12. Bh3 f5 13. Nf3 Nf6 14. e5 Ne4 15. Qc2 Nxc3 16. Qxc3 b5 17. Rhg1 Ng6 18. e6 bxc4 19. Nh4 Qxh4 20. Rdf1 a5 21. Rg5 Ra7 22. Bxf5 Nxf4 0-1


[Site "https://www.chess.com"]

[Event "Titled Tuesday Blitz January 31 Early 2023"]
[White "Heinemann, Josefine"]
[Black "Karthik Rajaa"]
[WhiteFideId "12900460"]
[BlackFideId "25035215"]
[WhiteElo "2289"]
[BlackElo "2276"]
[Result "1/2-1/2"]
[Round "03"]
[TimeControl "180+2"]
[Date "2023.01.31"]
[WhiteClock "0:00:35"]
[BlackClock "0:00:13"]

1. d4 Nf6 2. c4 g6 3. Nc3 Bg7 4. e4 d6 5. Nf3 O-O 6. Be2 Nbd7 7. O-O e5 8. Be3 Qe7 9. d5 Ng4 10. Bg5 f6 11. Bh4 g5 12. Bg3 Nh6 13. Qd2 a5 14. b3 Nc5 15. Rab1 g4 16. Nh4 f5 17. exf5 Nxf5 18. Nxf5 Bxf5 19. Rbe1 h5 20. f3 h4 21. Bf2 gxf3 22. Bxf3 Nd3 23. Re2 Nxf2 24. Rfxf2 Bg6 25. Be4 Bh5 26. Rxf8+ Rxf8 27. Rf2 Rxf2 28. Qxf2 Qg5 29. Qe1 Bh6 30. h3 Qf4 31. Nb5 Qe3+ 32. Qxe3 Bxe3+ 33. Kf1 Bb6 34. Bf3 Bg6 35. Nc3 Kf7 36. Be4 Bh5 37. Bf3 Bg6 38. Be4 Bh5 39. Bf3 Bg6 1/2-1/2


[Site "https://www.chess.com"]